 Dungeon Crawl Stone Soup version 0.29-a0-813-g4a14ea37d6 (webtiles) character file.

Game seed: 3833095149544793064

84 buhh the Trooper (level 4, 0/41 HPs)
             Began as a Minotaur Fighter on July 5, 2022.
             Slain by an orc priest
             ... wielding a +0 trident
              (6 damage)
             ... on level 3 of the Dungeon.
             The game lasted 00:03:13 (2199 turns).

buhh the Trooper (Minotaur Fighter)                 Turns: 2199, Time: 00:03:14

Health: 0/41       AC:  4    Str: 22    XL:     4   Next: 23%
Magic:  3/3        EV: 10    Int:  5    God:
Gold:   19         SH:  4    Dex: 10    Spells: 3/3 levels left

rFire   + . .      SeeInvis .   a - +0 flail (vorpal)
rCold   + . .      Faith    .   c - +0 buckler
rNeg    . . .      Spirit   .   w - +1 leather armour of Ufarch {rF+ rC+ Will+}
rPois   .          Reflect  .   (helmet restricted)
rElec   .          Harm     .   (no cloak)
rCorr   .          Rampage  .   (no gloves)
Will    +....                   (no boots)
Stlth   +.........              (no amulet)
HPRegen 0.13/turn               (no ring)
MPRegen 0.08/turn               (no ring)

@: mighty
A: horns 2, retaliatory headbutt
a: no special abilities


You were on level 3 of the Dungeon.
You visited 1 branch of the dungeon, and saw 3 of its levels.

You collected 131 gold pieces.
You spent 112 gold pieces at shops.

Inventory:

Hand Weapons
 a - a +0 vorpal flail (weapon)
Missiles
 q - 3 atropa-tipped darts (quivered)
 r - 7 poisoned darts
Armour
 b - a +0 scale mail
 c - a +0 buckler (worn)
 w - the +1 leather armour of Ufarch (worn) {rF+ rC+ Will+}
   (You found it on level 2 of the Dungeon)

   rF:        It protects you from fire.
   rC:        It protects you from cold.
   Will:      It increases your willpower.
Wands
 u - a wand of flame (8)
Scrolls
 e - a scroll of poison
 o - a scroll of noise
 t - 2 scrolls of teleportation {!d}
 F - a scroll of enchant weapon
 T - a scroll of immolation {!d}
 X - 2 scrolls of amnesia
 Z - a scroll of enchant armour
Potions
 d - 3 potions of attraction {unknown}
 f - a potion of might
 j - 3 potions of curing {unknown}
 k - a potion of brilliance {unknown}
 p - 2 potions of degeneration {unknown}
 s - 3 potions of lignification {unknown}


   Skills:
 * Level 4.8 Fighting
 * Level 4.5 Maces & Flails
 - Level 3.6 Armour
 - Level 3.6 Shields


You had 3 spell levels left.
You didn't know any spells.
Your spell library contained the following spells:

 Spells                   Type           Power      Damage    Failure   Level
 Sublimation of Blood     Necr           0%         N/A       77%         2
 Wereblood                Tmut           0%         N/A       77%         2
 Dazzling Flash           Conj/Hex       0%         N/A       94%         3
 Portal Projectile        Hex/Tloc       0%         N/A       94%         3
 Tukima's Dance           Hex            0%         N/A       94%         3
 Agony                    Necr           0%         N/A       100%        5
 Blade Hands              Tmut           0%         N/A       100%        5
 Silence                  Hex/Air        0%         N/A       100%        5
 Summon Hydra             Summ           0%         N/A       100%        7


Dungeon Overview and Level Annotations

Branches:
Dungeon (3/15) Zot: 15776

Altars:
Okawaru
Vehumet

Shops:
D:3 ?


Innate Abilities, Weirdness & Mutations

You have a pair of horns on your head.
You reflexively headbutt those who attack you in melee.


Message History

The orc is heavily wounded.
You block the orc's attack.
You closely miss the orc.
The orc is heavily wounded.
The orc hits you with a +0 dagger. You block the orc's attack.
You closely miss the orc.
The orc is heavily wounded.
The orc hits you with a +0 dagger.
You hit the orc.
You kill the orc!
You hear some strange, mumbled words.
A puff of flame appears from out of thin air!
The puff of flame hits you but does no damage.
You resist.
You hit the hobgoblin.
You kill the hobgoblin!
You closely miss something.
You hear some strange, mumbled words.
Something tries to affect you, but you resist.
You miss something.
The orc priest mumbles some strange prayers to Beogh against you.
Something writhes in agony!
Something hits you but does no damage.
You closely miss something. You headbutt something.
Reactivating autopickup.
You feel a bit more experienced.
The orc priest invokes the aid of Beogh against you.
Beogh smites you!
The orc priest hits you with a +0 flail.
You are too injured to fight recklessly!
You barely miss the orc priest.
The orc priest hits you from afar with a +0 trident.
The orc priest hits you with a +0 flail.
You barely miss the orc priest.
The orc priest hits you from afar with a +0 trident!
* * * LOW HITPOINT WARNING * * *
The orc priest looks encouraged for a moment.
You feel very mighty all of a sudden.
f - a potion of might;
u - a wand of flame (8)
The orc priest hits you from afar with a +0 trident.
You die...

....###.######..
#### #.# ##.
#### ##.# ##
##... #..#
#..#.########.##
'.............#
##.#._.#.#####
#.......#
####@#### #o#
#oo......
#........
#........
.###..##. . #.#
..# . ..
..###### .. ##
...#..


You could see 2 orc priests and an orc.

Vanquished Creatures
  An orc wizard (D:3)
  3 adders
  A worm (D:2)
  3 dart slugs
  An orc (D:3)
  3 ball pythons
  2 bats (D:1)
  5 endoplasms
  2 giant cockroaches
  3 goblins
  4 hobgoblins
  6 jackals (D:1)
  3 kobolds
  2 frilled lizards
  A rat (D:3)
40 creatures vanquished.

Notes
Turn   | Place    | Note
-------+----------+-------------------------------------------
     0 | D:1      | buhh the Minotaur Fighter began the quest for the Orb.
     0 | D:1      | Reached XP level 1. HP: 19/19 MP: 0/0
   579 | D:1      | Reached XP level 2. HP: 24/27 MP: 1/1
  1339 | D:2      | Reached XP level 3. HP: 30/33 MP: 2/2
  1659 | D:2      | Identified the +1 leather armour of Ufarch {rF+ rC+ Will+}
  1830 | D:3      | Found an iron altar of Okawaru.
  1900 | D:3      | Reached XP level 4. HP: 41/41 MP: 3/3
  2142 | D:3      | Found Eniot's Magic Scroll Shoppe.
  2153 | D:3      | Bought a scroll of teleportation for 42 gold pieces
  2153 | D:3      | Bought a scroll of identify for 28 gold pieces
  2153 | D:3      | Bought a scroll of teleportation for 42 gold pieces
  2174 | D:3      | Found a radiant altar of Vehumet.
  2199 | D:3      | Slain by an orc priest

Illustrated notes

Levels and vault maps discovered:
D:1:      minmay_arrival_three_doors, layout_basic
D:2:      layout_basic
D:3:      layout_rooms, mainiacjoe_overflow_tiny_flanked,
          mainiacjoe_overflow_paths, shapermc_ecumenical_altar_venn,
          serial_shops, nicolae_shop_waterfront, kennysheep_path_1,
          kennysheep_generic_room_10

Skill      XL: |  1  2  3 |
---------------+----------+-----
Maces & Flails | 3 4 |  4.5
Fighting       | 4 |  4.8
Armour         | |  3.6
Shields        | |  3.6

Action                   |  1- 3 |  4- 6 || total
-------------------------+-------+-------++-------
Melee: Flail             |    65 |    21 ||    86
       Headbutt          |    11 |     3 ||    14
  Use: Potion            |     1 |     1 ||     2
       Scroll            |       |     8 ||     8
Armor: Scale mail        |    26 |       ||    26
       Leather armour    |       |     4 ||     4
Dodge: Dodged            |    28 |     7 ||    35
Block: Buckler           |    13 |     5 ||    18

Table legend: (Time is in decaauts)
 A = Elapsed time spent in this place.
 B = Non-inter-level travel time spent in this place.
 C = Inter-level travel time spent in this place.
 D = Time resting spent in this place.
 E = Time spent auto-exploring this place.
 F = Levels seen in this place.
 G = Mean time per level.
                   A        B        C        D        E       F      G
               +--------+--------+--------+--------+--------+-----+--------+
         Total |   2222 |   2018 |    204 |    354 |   1394 |   3 |  740.7 |
       Dungeon |   2222 |   2018 |    204 |    354 |   1394 |   3 |  740.7 |
               +--------+--------+--------+--------+--------+-----+--------+

Top non-repeatable levels by time:
     D:1: 1268 daAuts
     D:2: 656 daAuts
     D:3: 297 daAuts
